 Dungeon Crawl Stone Soup version 0.21-a0-507-ga8f6b7a (webtiles) character file.

45 Gildeon the Chopper (level 3, -2/31 HPs)
             Began as a Hill Orc Fighter on Nov 28, 2017.
             Slain by a hornet (13 damage)
             ... on level 2 of the Dungeon.
             The game lasted 00:03:58 (1055 turns).

Gildeon the Chopper (Hill Orc Fighter)              Turns: 1055, Time: 00:03:59

Health: -2/31      AC:  6    Str: 19    XL:     3   Next: 64%
Magic:  3/3        EV:  7    Int:  8    God:
Gold:   64         SH:  9    Dex: 10    Spells: 2/2 levels left

rFire    . . .     SeeInvis .   a - +1 war axe
rCold    . . .     Gourm    +   c - +0 shield
rNeg     . . .     Faith    .   b - +0 scale mail
rPois    .         Spirit   .   (no helmet)
rElec    .         Reflect  .   (no cloak)
rCorr    .         Harm     .   (no gloves)
MR       .....                  (no boots)
Stlth    ..........             h - amulet of the gourmand
HPRegen  0.10/turn              (no ring)
MPRegen  0.08/turn              (no ring)

@: lethally poisoned (-2 -> -6)
A: no striking features
a: no special abilities


You were on level 2 of the Dungeon.
You were very full.

You visited 1 branch of the dungeon, and saw 2 of its levels.

You collected 64 gold pieces.

Inventory:

Hand Weapons
 a - a +1 war axe (weapon)
Armour
 b - a +0 scale mail (worn)
 c - a +0 shield (worn)
Jewellery
 h - an amulet of the gourmand (around neck)
Potions
 d - a potion of might
 e - a potion of lignification {unknown}
 g - a potion of experience {unknown}
Comestibles
 f - 2 bread rations
 i - 2 chunks of flesh


   Skills:
 + Level 3.6 Fighting
 - Level 5.2 Axes
 - Level 3.2 Armour
 - Level 3.2 Shields


You had 2 spell levels left.
You didn't know any spells.

Dungeon Overview and Level Annotations

Branches:
Dungeon (2/15)

Altars:


Message History

You block the hornet's attack. The hornet stings you!
You feel yourself slow down.
You miss the hornet.
You feel yourself speed up.
The hornet barely misses you. x2; You block the hornet's attack.
You hit the hornet.
The hornet is lightly wounded.
You block the hornet's attack. The hornet stings you.
You are poisoned.
You feel yourself slow down.
You completely miss the hornet.
The hornet is lightly wounded.
You feel sick. The hornet barely misses you. You block the hornet's attack.
The hornet stings you!
You suddenly lose the ability to move!
You can move again.
You closely miss the hornet.
The hornet is lightly wounded.
You feel yourself speed up.
You feel sick. The hornet stings you!
You die...

#........#.#
#........#.##.........
#........#.##.........
#........#.##.........
#........#..#.........
#........#..#........#
#........#..#<.......#
#........#..#........#
#.............@y......
#............##.....##
#.............#.....#
#...........#.#.....#
#########...#.......#
##.###......# #.)
........ #### ........


You could see a hornet.

Vanquished Creatures
  An adder (D:2)
  3 dart slugs (D:1)
  A ball python (D:1)
  2 giant cockroaches (D:2)
  4 hobgoblins (D:1)
  4 jackals (D:2)
  3 kobolds (D:1)
  3 bats
  3 frilled lizards (D:1)
  5 rats
29 creatures vanquished.

Vanquished Creatures (others)
  A kobold (D:2)
1 creature vanquished.

Grand Total: 30 creatures vanquished

Notes
Turn   | Place    | Note
-------+----------+-------------------------------------------
     0 | D:1      | Gildeon the Hill Orc Fighter began the quest for the Orb.
     0 | D:1      | Reached XP level 1. HP: 19/19 MP: 1/1
    93 | D:1      | Reached skill level 3 in Axes
   217 | D:1      | Reached XP level 2. HP: 26/26 MP: 2/2
   427 | D:1      | Reached skill level 4 in Axes
   713 | D:1      | Reached XP level 3. HP: 28/31 MP: 3/3
   909 | D:2      | Reached skill level 5 in Axes
  1048 | D:2      | Noticed a hornet
  1054 | D:2      | Paralysed by a hornet for 1 turns
  1055 | D:2      | Slain by a hornet

Vault maps used:
D:1:      doesnt_arrival_eight_statues, wad_floor_pattern_1, minmay_statues_item
D:2:      fiery_altar_vehumet, nicolae_ashenzari_panopticon

Skill      XL: |  1  2  3 |
---------------+----------+-----
Axes           | 3 4 5 |  5.2
Fighting       | |  3.6
Armour         | |  3.2
Shields        | |  3.2

Action                   || total
-------------------------++-------
Melee: War axe           ||    85
  Use: Scroll            ||     1
  Eat: Chunk             ||    11
Armor: Scale mail        ||    48
Dodge: Dodged            ||    36
Block: Shield            ||    64

Table legend:
 A = Spawn XP
 B = Non-spawn XP
 C = Spawn XP percentage of total XP
 D = Spawn monster count
 E = Non-spawn monster count
 F = Spawn count percentage of total count
 G = Total turns spent on level
                    A         B        C        D         E        F      G
               +---------+---------+-------+---------+---------+-------+---------
         Total |       0 |      65 |   0.0 |       0 |      29 |   0.0 |  1055
               +---------+---------+-------+---------+---------+-------+---------
           D:1 |       0 |      37 |   0.0 |       0 |      20 |   0.0 |   805
           D:2 |       0 |      28 |   0.0 |       0 |       9 |   0.0 |   250
               +---------+---------+-------+---------+---------+-------+---------
